Unix NetHack Version 5.0.0-0 post-release - last build May 31 2026 23:59:36 (970b52f25bf058293b47ddfd14a1e40e571c508c,branch:main).

Game began 2026-05-26 22:39:34, ended 2026-06-07 04:27:53.

DeathOnAStick, neutral male human Tourist

                                                              -----
                                                              |..%        A
                                                     ----    --..---------
                                                    ....%-- --...|.......| @
                                                   ....%..---..A.|....@..|
                                                  ....%.%%%-&.AA.-...@...|
                                                  ...).%.%---..T.|...A...|
                                                  ....%..-- --@.a|a...a..|
                                                  ---|----   --$.---------
                                             -------.).|      |.AD  A   A
                                             |.....%...|      -----
                                             -.).-------
                                            -....|
                                             ..---
                                              .

DeathOnAStick the Voyager   St:18/97 Dx:22 Co:18 In:18 Wi:18 Ch:18  Neutral S:1958404
Astral Plane $:0 HP:204(229) Pw:143(143) AC:-43 Xp:24/40003204 Satiated T:82517

Latest messages:
 Are you waiting to get hit?  Use 'm' prefix to force a no-op (to rest).
 Are you waiting to get hit?  Use 'm' prefix to force a no-op (to rest).
 Are you waiting to get hit?  Use 'm' prefix to force a no-op (to rest).
 Are you waiting to get hit?  Use 'm' prefix to force a no-op (to rest).
 Are you waiting to get hit?  Use 'm' prefix to force a no-op (to rest).
 Are you waiting to get hit?  Use 'm' prefix to force a no-op (to rest).
 Are you waiting to get hit?  Use 'm' prefix to force a no-op (to rest).
 Are you waiting to get hit?  Use 'm' prefix to force a no-op (to rest).
 Are you waiting to get hit?  Use 'm' prefix to force a no-op (to rest).
 Are you waiting to get hit?  Use 'm' prefix to force a no-op (to rest).
 Are you waiting to get hit?  Use 'm' prefix to force a no-op (to rest).
 Are you waiting to get hit?  Use 'm' prefix to force a no-op (to rest).
 Are you waiting to get hit?  Use 'm' prefix to force a no-op (to rest).
 Are you waiting to get hit?  Use 'm' prefix to force a no-op (to rest).
 Are you waiting to get hit?  Use 'm' prefix to force a no-op (to rest).
 What do you want to wield? [- ag or ?*] a
 You are already wielding that!
 The giant ant turns to flee.
 The Angel of Blind Io swings his long sword.
 The Angel of Blind Io misses!
 The Angel of Blind Io swings his long sword.
 The Angel of Blind Io misses!
 The Angel of Blind Io misses!
 The Angel of Blind Io casts a spell at you!
 You are hit by a shower of missiles!
 The missiles bounce off!
 The Angel of Moloch points at you, then curses.
 "Hast thou been drinking, or art thou always so clumsy?"
 Are you waiting to get hit?  Use 'm' prefix to force a no-op (to rest).
 Are you waiting to get hit?  Use 'm' prefix to force a no-op (to rest).
 Are you waiting to get hit?  Use 'm' prefix to force a no-op (to rest).
 Are you waiting to get hit?  Use 'm' prefix to force a no-op (to rest).
 Are you waiting to get hit?  Use 'm' prefix to force a no-op (to rest).
 Are you waiting to get hit?  Use 'm' prefix to force a no-op (to rest).
 Are you waiting to get hit?  Use 'm' prefix to force a no-op (to rest).
 Are you waiting to get hit?  Use 'm' prefix to force a no-op (to rest).
 Are you waiting to get hit?  Use 'm' prefix to force a no-op (to rest).
 There is a high altar to The Lady (neutral) here.
 What do you want to sacrifice? [M or ?*] M
 You offer the Amulet of Yendor to The Lady...
 An invisible choir sings, and you are bathed in radiance...
 The voice of The Lady thunders: "Mortal, thou hast done well!"
 "In return for thy service, I grant thee the gift of Immortality!"
 You ascend to the status of Demigod...
 Do you want your possessions identified? [ynq] (y) y
 Do you want to see your attributes? [ynq] (y) y
 Do you want an account of creatures vanquished? [ynaq] (y) y
 Do you want a list of species genocided and extinct? [ynaq] (y) y
 Do you want to see your conduct and achievements? [ynq] (y) y
 Do you want to see the dungeon overview? [ynq] (y) y

Inventory:
 Amulets  ('"')
  k - an uncursed amulet of life saving (being worn)
 Weapons  (')')
  a - the blessed rustproof +7 Vorpal Blade (weapon in right hand)
 Armor    ('[')
  u - a blessed rustproof +4 dwarvish iron helm (being worn)
  O - a blessed fireproof +4 pair of gauntlets of dexterity (being worn)
  q - a blessed fireproof +4 pair of speed boots (being worn)
  A - an uncursed +4 shield of reflection (being worn)
  c - a blessed fireproof +4 cloak of protection (being worn)
  R - a blessed +4 Hawaiian shirt with a flamingo motif (being worn)
  h - a blessed +4 gray dragon scale mail (being worn)
 Comestibles  ('%')
  J - a blessed homemade tin of displacer beast meat
  K - a blessed homemade tin of genetic engineer meat
  p - a blessed homemade tin of gold dragon meat
  L - a blessed homemade tin of silver dragon meat
  W - an uncursed lizard corpse
 Spellbooks  ('+')
  D - the blessed Book of the Dead
 Rings    ('=')
  N - a blessed ring of conflict
  b - a blessed ring of levitation
  C - a blessed ring of slow digestion
 Wands    ('/')
  B - a wand of cold (0:1)
  Q - a blessed wand of death (0:6)
  G - a wand of death (1:4)
  z - a wand of death (0:3)
  n - a wand of digging (0:7)
  y - a wand of teleportation (0:2)
 Tools    ('(')
  f - a blessed bag of holding containing 110 items
  m - the blessed Bell of Opening (0:2)
  s - a blessed blindfold
  S - the blessed Candelabrum of Invocation (7 of 7 candles attached)
  w - a blessed magic lamp (lit)
  Z - the blessed Platinum Yendorian Express Card
  x - a blessed skeleton key
  g - a blessed +0 unicorn horn
 Gems/Stones  ('*')
  o - a blessed luckstone

Contents of the bag of holding:
  an uncursed amulet of flying
  an uncursed amulet of guarding
  an uncursed amulet of magical breathing
  the blessed +1 Sting
  the rustproof +2 Dragonbane
  the rustproof +2 Giantslayer
  the +0 Orcrist
  the rustproof +1 Trollsbane
  an uncursed randomfruit
  2 uncursed apples
  a cursed apple
  an uncursed banana
  4 uncursed C-rations
  an uncursed candy bar labeled "Chocolate Nuggie"
  2 uncursed candy bars labeled "The Small Bar"
  2 uncursed cloves of garlic
  5 uncursed K-rations
  14 uncursed kelp fronds
  2 uncursed melons
  4 blessed homemade tins of displacer beast meat
  7 uncursed lizard corpses
  a blessed scroll of blank paper
  12 uncursed scrolls of blank paper
  5 uncursed scrolls of charging
  an uncursed scroll of earth
  2 blessed scrolls of genocide
  2 uncursed scrolls of identify
  9 blessed scrolls of remove curse
  a blessed potion of enlightenment
  5 blessed potions of full healing
  3 uncursed potions of restore ability
  11 potions of holy water
  an uncursed ring of conflict
  an uncursed ring of conflict
  an uncursed ring of conflict
  an uncursed ring of free action
  an uncursed ring of levitation
  a cursed ring of polymorph
  an uncursed ring of polymorph control
  a blessed +3 ring of protection
  an uncursed +2 ring of protection
  an uncursed +1 ring of protection
  an uncursed +1 ring of protection
  an uncursed ring of slow digestion
  an uncursed ring of slow digestion
  an uncursed ring of sustain ability
  a wand of cold (0:6)
  a wand of cold (0:6)
  a wand of cold (0:4)
  a wand of cold (0:4)
  a wand of cold (0:4)
  a wand of cold (0:0)
  a blessed wand of death (0:8)
  a wand of death (0:6)
  a wand of death (0:6)
  a wand of digging (0:8)
  a wand of digging (0:7)
  a wand of digging (0:6)
  a wand of digging (0:6)
  a wand of enlightenment (3:6)
  a wand of fire (0:1)
  a wand of light (0:13)
  a wand of lightning (0:5)
  a wand of lightning (0:5)
  a wand of polymorph (0:2)
  a wand of polymorph (0:2)
  a wand of polymorph (0:1)
  a wand of polymorph (1:1)
  a wand of polymorph (0:0)
  a wand of probing (0:8)
  a wand of stasis (0:5)
  a wand of striking (0:6)
  a wand of striking (0:3)
  a wand of teleportation (0:8)
  a wand of teleportation (0:6)
  a wand of teleportation (0:5)
  a wand of teleportation (0:5)
  a wand of teleportation (2:4)
  a wand of teleportation (0:4)
  a wand of teleportation (0:4)
  a wand of teleportation (1:3)
  a wand of teleportation (0:2)
  a wand of wishing (0:1)
  an empty uncursed sack
  a blessed magic lamp
  a blessed magic lamp
  a blessed magic marker (0:70)
  a blessed magic marker (1:20)
  13 uncursed agate stones
  23 uncursed amber stones
  33 uncursed amethyst stones
  6 uncursed aquamarine stones
  14 uncursed chrysoberyl stones
  15 uncursed citrine stones
  11 uncursed diamonds
  5 uncursed dilithium crystals
  23 uncursed emeralds
  31 uncursed fluorite stones
  22 uncursed garnet stones
  4 uncursed jacinth stones
  9 uncursed jade stones
  13 uncursed jasper stones
  12 uncursed jet stones
  6 uncursed obsidian stones
  6 uncursed opals
  9 uncursed rubies
  2 uncursed sapphires
  28 uncursed topaz stones
  9 uncursed turquoise stones
  a blessed luckstone

DeathOnAStick the Tourist's attributes:

Background:
 You were a Voyager, a level 24 male human Tourist.
 You were neutral, on a mission for The Lady
 who was opposed by Blind Io (lawful) and Offler (chaotic).
 You were right-handed.
 You were in the endgame, on the Astral Plane.
 You entered the dungeon 82517 turns ago.
 It was nighttime.
 You had 40003204 experience points, 9996796 more were needed for level 25.
 Your score was 1958404 before end-of-game adjustments.

Basics:
 You had 204 out of 229 hit points.
 You had all 143 energy points (spell power).
 Your armor class was -43.
 Your wallet was empty.
 Autopickup was off.

Final Characteristics:
 Your strength was 18/97 (limit:18/100).
 Your dexterity was 22 (base:18, innate limit:18).
 Your constitution was 18 (limit:18).
 Your intelligence was 18 (limit:18).
 Your wisdom was 18 (limit:18).
 Your charisma was 18 (limit:18).

Final Status:
 You were satiated.
 You were unencumbered.
 You were wielding a long sword.
 You had basic skill with long sword.

Final Attributes:
 You were the Envoy of Balance.
 You were piously aligned.
 You were magic-protected.
 You were fire resistant.
 You were cold resistant.
 You were sleep resistant.
 You were disintegration resistant.
 You were shock resistant.
 You were poison resistant.
 You saw invisible.
 You were telepathic.
 You had automatic searching.
 You were stealthy.
 You could teleport.
 You had teleport control.
 You had a moderate defense bonus (+7).
 You were protected.
 You took half spell damage.
 You were very fast.
 You had reflection.
 Your life would have been saved.
 You were extremely lucky.
 You had extra luck.
 Good luck did not time out for you.
 You survived.

Miscellaneous:
 You didn't encounter any bones levels.
 Total elapsed playing time was 1 day, 2 hours, 37 minutes and 41 seconds.

Major events:
 Turn
    1: DeathOnAStick the neutral male human Tourist entered the dungeon
  566: entered the Gnomish Mines
  732: read a Discworld novel
  732: attained the rank of Sightseer (level 3)
 2838: chose a runed dagger to be named "Sting"
 3266: reached Mine Town
 3473: attained the rank of Excursionist (level 6)
13450: attained the rank of Peregrinator (level 10)
14472: was bestowed with Dragonbane by The Lady
16163: entered Sokoban
16958: completed 2nd Sokoban level
17439: completed 3rd Sokoban level
18306: attained the rank of Traveler (level 14)
18433: completed 4th Sokoban level
21036: was bestowed with Trollsbane by The Lady
22534: chose a runed broadsword to be named "Orcrist"
23522: acquired the Mines' End luckstone
26290: was bestowed with Giantslayer by The Lady
29122: became The Lady's Envoy of Balance
29122: was bestowed with Vorpal Blade
33158: entered Home 1, the Quest
33498: Twoflower has granted access to proceed deeper into the quest
33500: entered Home 2, the Quest
33728: made his first wish - "blessed +2 gray dragon scale mail", got "a gray dragon scale mail"
33749: entered Home 3, the Quest
34892: entered Home 4, the Quest
35137: entered Home 5, the Quest
35407: entered Home 6, the Quest
35940: found the Platinum Yendorian Express Card on the floor
36013: killed the Master of Thieves
36014: acquired the Bell of Opening
37326: killed Croesus
40496: acquired the Sokoban bag of holding
43516: performed his first genocide (disenchanters)
55129: genocided class h
55131: genocided class ;
55316: killed Medusa
56191: attained the rank of Journeyer (level 18)
56745: entered Gehennom
57542: killed Asmodeus
58906: killed Juiblex
59313: killed Baalzebub
60335: destroyed Vlad the Impaler
60342: acquired the Candelabrum of Invocation
61325: killed Orcus
65410: genocided class L
76129: attained the rank of Voyager (level 22)
76206: genocided class g
76207: genocided class P
78088: genocided class e
78806: genocided class N
78893: genocided class V
79267: killed the Wizard of Yendor
79268: acquired the Book of the Dead
79523: performed the invocation
79528: killed the Wizard of Yendor (2nd time)
79719: killed the high priest of Moloch
79722: acquired The Amulet of Yendor
79723: wished for "blessed wand of death", got "a wand of death"
80533: killed the Wizard of Yendor (3rd time)
82131: entered the Elemental Planes
82131: entered Plane of Earth
82132: killed the Wizard of Yendor (5th time)
82188: entered Plane of Air
82243: entered Plane of Fire
82310: entered Plane of Water
82454: entered the Astral Plane
82477: found Sunsword carried by a monster
82477: killed Pestilence
82517: ascended

Spells:
 Name                 Level Category     Fail Retention
 wizard lock            2   matter        94%    (gone)
 cone of cold           4   attack       100%  76%-100%
 teleport away          6   escape       100%    (gone)
 levitation             4   escape       100%  76%-100%
 detect unseen          3   divination    94%    (gone)
 confuse monster        1   enchantment   94%    (gone)
 stone to flesh         3   healing       96%    (gone)
 extra healing          3   healing       99%  76%-100%
 knock                  1   matter        94%    (gone)
 magic missile          2   attack        94%    (gone)
 healing                1   healing       97%    (gone)
 force bolt             1   attack        94%    (gone)
 detect treasure        4   divination    95%    (gone)
 haste self             3   escape        96%    (gone)
 detect monsters        1   divination    94%    (gone)
 cure sickness          3   healing       99%    (gone)
 create monster         2   clerical      94%    (gone)
 detect food            2   divination    94%    (gone)
 turn undead            6   clerical     100%    (gone)
 slow monster           2   enchantment   94%    (gone)
 identify               3   divination    94%   61%-70%
 restore ability        4   healing      100%  76%-100%
 light                  1   divination    94%    (gone)
 protection             1   clerical      94%  76%-100%
 drain life             2   attack        94%    (gone)
 sleep                  3   enchantment   96%    (gone)
 charm monster          5   enchantment  100%    (gone)
 magic mapping          5   divination   100%    (gone)
 clairvoyance           3   divination    94%   71%-80%
 fireball               4   attack       100%   51%-75%
 chain lightning        2   attack        94%   51%-75%
 remove curse           3   clerical      99%   51%-75%
 cause fear             3   enchantment   96%  76%-100%

Skills:
 Fighting Skills
   bare handed combat [Unskilled]
   two weapon combat  [Unskilled]
   riding             [Unskilled]
 Weapon Skills
   dagger             [Expert]
   knife              [Unskilled]
   axe                [Unskilled]
   pick-axe           [Unskilled]
   short sword        [Unskilled]
   broadsword         [Unskilled]
   long sword         [Basic]
   two-handed sword   [Unskilled]
   saber              [Unskilled]
   mace               [Unskilled]
   morning star       [Unskilled]
   flail              [Unskilled]
   hammer             [Unskilled]
   quarterstaff       [Unskilled]
   polearms           [Unskilled]
   spear              [Unskilled]
   trident            [Unskilled]
   lance              [Unskilled]
   bow                [Unskilled]
   sling              [Unskilled]
   crossbow           [Unskilled]
   dart               [Skilled]
   shuriken           [Unskilled]
   boomerang          [Unskilled]
   whip               [Unskilled]
   unicorn horn       [Unskilled]
 Spellcasting Skills
   divination spells  [Basic]
   enchantment spells [Unskilled]
   escape spells      [Unskilled]

Voluntary challenges:
 Character rerolling was not enabled.
 You genocided 40 types of monsters.
 You never changed form.
 You used 2 wishes.
 You did not wish for any artifacts.
 You violated the special Sokoban rules once.
Achievements:
 You entered the Gnomish Mines.
 You entered a shop.
 You read from a Discworld novel.
 You attained the rank of Sightseer.
 You entered Minetown.
 You attained the rank of Excursionist.
 You entered a temple.
 You attained the rank of Peregrinator.
 You entered Sokoban.
 You attained the rank of Traveler.
 You completed the Gnomish Mines.
 You had the Bell of Opening.
 You completed Sokoban.
 You defeated Medusa.
 You learned the tune to open and close the Castle's drawbridge.
 You attained the rank of Journeyer.
 You entered Gehennom.
 You had the Candelabrum of Invocation.
 You attained the rank of Voyager.
 You had the Book of the Dead.
 You gained access to Moloch's Sanctum.
 You reached the Elemental Planes.
 You reached the Astral Plane.
 You delivered the Amulet of Yendor.
 You ascended!

 The Elemental Planes:
    Astral Plane: <- You are here.
       A temple and an altar to The Lady.
    Plane of Water:
    Plane of Fire:
    Plane of Air:
    Plane of Earth:
 The Dungeons of Doom: levels 1 to 29
    Level 1:
       An altar to The Lady.
       One way stairs up to The Elemental Planes.
    Level 2:
       Stairs down to The Gnomish Mines.
    Level 3:
       A scroll shop.
    Level 4:
       A potion shop.
    Level 5:
       A fountain.
    Level 6:
       A general store, a fountain.
    Level 7:
       A fountain.
    Level 8:
       Many fountains.
       Oracle of Delphi.
    Level 9:
       Stairs up to Sokoban, level 8.
    Level 10:
       A throne.
    Level 11:
       A temple and some altars.
       Portal to Fort Ludios.
    Level 12:
       An altar to The Lady.
    Level 13:
       A fountain.
    Level 14:
       Some fountains, a grave.
    Level 15:
       A primitive area.
       Portal to The Quest.
    Level 16:
       Some fountains.
    Level 17:
       Some fountains.
    Level 18:
       A fountain.
    Level 19:
       A fountain, a sink.
    Level 20:
       A grave.
    Level 21:
       A throne, a fountain.
    Level 22:
       A fountain, a grave.
    Level 23:
    Level 24:
    Level 25:
       A grave.
    Level 26:
       A fountain, many trees.
    Level 27:
    Level 28:
    Level 29:
       A throne, a fountain.
       The castle (play notes "BGCGF" to open or close drawbridge).
       Connection to Gehennom.
 Gehennom: levels 30 to 53
    Level 30:
       A temple and an altar, many graves.
       Valley of the Dead.
    Level 31:
    Level 32:
    Level 33:
    Level 34:
    Level 35:
    Level 36:
       Many fountains.
    Level 37:
    Level 38:
       Stairs up to Vlad's Tower, level 37.
    Level 39:
    Level 40:
       Some shops, an altar, a grave.
    Level 41:
    Level 42:
    Level 43:
    Level 44:
    Level 45:
    Level 46:
    Level 47:
    Level 48:
    Level 49:
    Level 50:
    Level 51:
    Level 52:
    Level 53:
       A temple and an altar, many graves.
       Moloch's Sanctum.
 The Gnomish Mines: levels 3 to 10
    Level 3:
    Level 4:
    Level 5:
    Level 6:
       Many shops, a temple and an altar, some fountains.
    Level 7:
    Level 8:
    Level 9:
    Level 10:
       A fountain.
 The Quest: levels 1 to 6
    Level 1:
       A throne, some graves.
       Completed quest for Twoflower.
    Level 2:
    Level 3:
       Some shops, a temple, a throne, some graves.
    Level 4:
    Level 5:
    Level 6:
       Some shops, many graves.
 Sokoban: levels 8 up to 5
    Level 5:
       Solved.
    Level 6:
       Solved.
    Level 7:
       Solved.
    Level 8:
       Unsolved.
 Fort Ludios:
    Level 1:
       A throne.
 Vlad's Tower: levels 37 up to 35
    Level 35:
       A throne.
    Level 36:
    Level 37:


Vanquished creatures:
    Asmodeus
    Baalzebub
    Orcus
    Juiblex
  3 erinyes
the Wizard of Yendor (5 times)
    Pestilence
    Vlad the Impaler
  7 arch-liches
  a high cleric
  2 mastodons
    Medusa
    Croesus
the Master of Thieves
 19 iron golems
 11 master liches
 12 storm giants
  8 glass golems
 12 balrogs
 10 purple worms
  a gray dragon
  a gold dragon
  5 silver dragons
 14 red dragons
  2 white dragons
  5 orange dragons
 10 black dragons
  2 blue dragons
  5 green dragons
  7 yellow dragons
 33 minotaurs
 14 jabberwocks
 15 baluchitheria
 an Angel
  6 demiliches
  5 stone golems
 20 Olog-hai
  6 Nazgul
 21 pit fiends
  3 sandestins
 11 hell hounds
  7 displacer beasts
  7 titanotheres
  7 trappers
  5 baby red dragons
  a baby white dragon
  8 guardian nagas
  7 genetic engineers
 35 vampire leaders
  8 skeletons
 16 aligned clerics
 21 captains
  5 shades
  8 liches
  7 clay golems
 15 nurses
  8 ice devils
 17 nalfeshnees
  2 lurkers above
  7 Aleaxes
  a frost giant
 10 ettins
  3 golden nagas
 14 black puddings
 26 vampires
 11 lieutenants
 32 ghosts
  2 queen bees
 14 winged gargoyles
  3 mind flayers
 13 giant mimics
 12 long worms
  8 zruties
 19 fire giants
 11 ogre tyrants
  2 ice trolls
  5 rock trolls
 16 umber hulks
 12 flesh golems
 13 elven monarchs
  8 doppelgangers
 21 hezrous
 13 bone devils
 13 large mimics
  a wumpus
 12 fire vortices
  9 couatls
 26 stalkers
 an air elemental
 14 fire elementals
  7 earth elementals
 14 water elementals
  5 hill giants
  7 giant mummies
  3 black nagas
 28 xorns
 28 giant zombies
 17 elf-nobles
 40 sergeants
  a water demon
 16 barbed devils
 28 vrocks
 16 salamanders
 16 wargs
  5 winter wolves
 19 hell hound pups
 25 small mimics
  4 glass piercers
  8 warhorses
 16 steam vortices
 22 xans
  3 ettin mummies
 16 ogre leaders
 11 quantum mechanics
 21 trolls
  3 sasquatches
  2 wood golems
 10 mariliths
  a djinni
  9 gelatinous cubes
 12 pyrolisks
  2 large dogs
  6 freezing spheres
 12 flaming spheres
 14 shocking spheres
  2 large cats
  7 tigers
  9 gargoyles
  a dwarf ruler
 28 tengu
 11 ochre jellies
 13 leocrottas
  7 energy vortices
  7 mountain centaurs
 17 stone giants
  4 elf mummies
  2 human mummies
 12 red nagas
 13 green slimes
  4 pythons
 12 pit vipers
 25 cobras
 63 wraiths
  9 carnivorous apes
 25 ettin zombies
  7 leather golems
 24 Grey-elves
120 soldiers
  4 watchmen
 27 amorous demons
 25 horned devils
 11 chameleons
  6 crocodiles
 30 giant beetles
 10 quivering blobs
 57 cockatrices
 19 wolves
  9 winter wolf cubs
  6 lynxes
  2 panthers
 51 gremlins
  2 spotted jellies
 31 leprechauns
  7 orc-captains
  5 iron piercers
  4 mumakil
131 giant spiders
 18 scorpions
 10 horses
  6 ice vortices
 14 black lights
 19 vampire bats
 34 forest centaurs
  7 gnome rulers
  3 orc mummies
  9 dwarf mummies
  8 ogres
  8 brown puddings
 14 rust monsters
 17 owlbears
  9 yetis
  5 gold golems
  5 werewolves
 19 Green-elves
  6 giant eels
 23 lizards
 14 chickatrices
  3 dingoes
  3 dogs
  3 housecats
 11 jaguars
 11 dwarf leaders
  3 blue jellies
 10 white unicorns
  4 black unicorns
  7 dust vortices
 43 ravens
  9 plains centaurs
  2 Kop Kaptains
  5 gnome mummies
  8 snakes
  5 apes
 28 human zombies
  5 rope golems
  9 Woodland-elves
 35 soldier ants
 19 fire ants
 14 bugbears
  5 imps
  3 lemures
 13 quasits
  6 wood nymphs
 14 water nymphs
  4 mountain nymphs
 21 Mordor orcs
 42 Uruk-hai
 10 orc shamans
  7 rock piercers
  7 rock moles
  6 ponies
 10 fog clouds
 20 yellow lights
  5 shriekers
 10 violet fungi
 21 gnome leaders
 13 gnomish wizards
  4 Kop Lieutenants
  2 kobold mummies
  a guardian naga hatchling
  9 gray oozes
  9 barrow wights
 21 elf zombies
 19 ghouls
  a straw golem
  4 paper golems
  2 jellyfish
  a baby crocodile
 41 giant ants
  a little dog
 19 floating eyes
  4 kittens
 29 dwarves
 10 homunculi
  2 kobold leaders
  7 kobold shamans
 53 hill orcs
 22 rothes
  3 rabid rats
 12 centipedes
  6 giant bats
  3 monkeys
 25 orc zombies
 21 dwarf zombies
  7 wererats
  4 werejackals
 10 iguanas
 82 killer bees
  4 acid blobs
 10 coyotes
  3 gas spores
 11 hobbits
 10 manes
  2 large kobolds
 20 hobgoblins
 22 giant rats
 31 cave spiders
  3 brown molds
  6 yellow molds
  2 green molds
  2 red molds
 61 gnomes
  7 Keystone Kops
  9 garter snakes
 16 gnome zombies
 15 geckos
  9 jackals
  2 foxes
  3 kobolds
 13 goblins
  9 sewer rats
 14 grid bugs
  a bat
 11 lichens
 18 kobold zombies
 17 newts
3595 creatures vanquished.

Genocided or extinct species:
 erinyes (extinct)
 arch-liches
 krakens
 master liches
 demiliches
 master mind flayers
 guardian nagas
 disenchanters
 vampire leaders
 liches
 golden nagas
 black puddings
 vampires
 winged gargoyles
 mind flayers
 black nagas
 sharks
 electric eels
 freezing spheres
 flaming spheres
 shocking spheres
 gargoyles
 dwarf rulers
 red nagas
 green slimes
 soldiers (extinct)
 gremlins
 giant spiders (extinct)
 brown puddings
 piranha
 giant eels
 dwarf leaders
 bugbears
 red naga hatchlings
 black naga hatchlings
 golden naga hatchlings
 guardian naga hatchlings
 gray oozes
 jellyfish
 floating eyes
 dwarves
 gas spores
 hobbits
40 species genocided.
3 species extinct.

Aloha DeathOnAStick the Demigod...

You went to your reward with 4361758 points,
Vorpal Blade (worth 4000 zorkmids and 10000 points)
Trollsbane (worth 200 zorkmids and 500 points)
Orcrist (worth 2000 zorkmids and 5000 points)
Giantslayer (worth 200 zorkmids and 500 points)
Dragonbane (worth 500 zorkmids and 1250 points)
Sting (worth 800 zorkmids and 2000 points)
The Bell of Opening (worth 5000 zorkmids and 12500 points)
The Book of the Dead (worth 10000 zorkmids and 25000 points)
The Candelabrum of Invocation (worth 5000 zorkmids and 12500 points)
The Platinum Yendorian Express Card (worth 7000 zorkmids and 17500 points)
      33 amethyst stones (worth 19800 zorkmids),
      31 fluorite stones (worth 12400 zorkmids),
      28 topaz stones (worth 25200 zorkmids),
      23 emeralds (worth 57500 zorkmids),
      23 amber stones (worth 23000 zorkmids),
      22 garnet stones (worth 15400 zorkmids),
      15 citrine stones (worth 22500 zorkmids),
      14 chrysoberyl stones (worth 9800 zorkmids),
      13 jasper stones (worth 6500 zorkmids),
      13 agate stones (worth 2600 zorkmids),
      12 jet stones (worth 10200 zorkmids),
      11 diamonds (worth 44000 zorkmids),
       9 rubies (worth 31500 zorkmids),
       9 turquoise stones (worth 18000 zorkmids),
       9 jade stones (worth 2700 zorkmids),
       6 aquamarine stones (worth 9000 zorkmids),
       6 opals (worth 4800 zorkmids),
       6 obsidian stones (worth 1200 zorkmids),
       5 dilithium crystals (worth 22500 zorkmids),
       4 jacinth stones (worth 13000 zorkmids),
       2 sapphires (worth 6000 zorkmids),
       1 amulet of life saving (worth 150 zorkmids),
       1 amulet of magical breathing (worth 150 zorkmids),
       1 amulet of guarding (worth 150 zorkmids),
       1 amulet of flying (worth 150 zorkmids),
and 0 pieces of gold, after 82517 moves.
You were level 24 with a maximum of 229 hit points when you ascended.

